 Dungeon Crawl Stone Soup version 0.29.1-12-g30fa7ad0bf (webtiles) character file.

Game seed: 6062838190203617770

96521 Coyote68 the Stickfighter (level 15, -6/139 HPs)
             Began as a Grey Draconian Berserker on Dec 22, 2022.
             Was a High Priest of Trog.
             Mangled by a steelbarb worm (19 damage)
             ... on level 1 of the Spider Nest.
             The game lasted 01:52:21 (25600 turns).

Coyote68 the Stickfighter (DrBe)                   Turns: 25600, Time: 01:52:23

Health: -6/139     AC: 20    Str: 26    XL:     15   Next: 69%
Magic:  0/15       EV: 24    Int:  7    God:    Trog [*****.]
Gold:   1613       SH:  0    Dex: 18    Spells: 14/14 levels left

rFire   . . .      SeeInvis .   J - +0 lajatang (flame)
rCold   . . .      Faith    .   (shield currently unavailable)
rNeg    . . .      Spirit   .   (body armour unavailable)
rPois   .          Reflect  .   p - +2 hood of the Assassin {Detection Stab+ Stlth++}
rElec   .          Harm     .   y - +2 cloak {Stlth+}
rCorr   .          Rampage  .   w - +0 pair of gloves {infuse}
Will    +....                   (no boots)
Stlth   ++++++++..              j - amulet of the acrobat
HPRegen 0.33/turn               P - +6 ring of dexterity
MPRegen 0.14/turn               s - +4 ring of evasion

@: spiked, on berserk cooldown, slowed, very slow
A: AC +14, amphibious, unfitting armour, cold-blooded, hooves 1, horns 1
a: Renounce Religion, Berserk, Trog's Hand, Brothers in Arms


You were on level 1 of the Spider Nest.
You worshipped Trog.
Trog was extremely pleased with you.
You visited 3 branches of the dungeon, and saw 20 of its levels.
You also visited: Volcano.

You collected 2723 gold pieces.
You spent 1110 gold pieces at shops.

Inventory:

Hand Weapons
 h - a +0 quarterstaff of freezing
 x - a +3 quarterstaff of protection
 C - the +3 quarterstaff "Xyga" {speed, Str+4}
   (You bought it in a shop on level 9 of the Dungeon)

   Attacks with this weapon are significantly faster.
   Str:       It affects your strength (+4).
 H - a +2 quarterstaff
 J - a +0 lajatang of flaming (weapon)
Armour
 p - the +2 hood of the Assassin (worn) {Detection Stab+ Stlth++}
   (You found it on level 7 of the Dungeon)

   It allows the wearer to sense nearby creatures.
   It allows the wearer to make particularly effective stabbing attacks against
   helpless or unaware enemies with any weapon.
   Stlth:     It makes you much more stealthy.
 w - a +0 pair of gloves of infusion (worn)
 y - a +2 cloak of stealth (worn)
 z - a +2 pair of gloves of strength
 S - a +0 cloak of fire resistance
Jewellery
 j - an amulet of the acrobat (around neck)
 r - a ring of resist corrosion
 s - a +4 ring of evasion (right hand)
 E - a ring of protection from cold
 P - a +6 ring of dexterity (left hand)
Wands
 e - a wand of digging (9)
 g - a wand of polymorph (15)
 t - a wand of mindburst (9)
 B - a wand of quicksilver (4)
 D - a wand of roots (24)
 O - a wand of paralysis (13)
Scrolls
 d - 2 scrolls of fear
 o - 11 scrolls of teleportation
 v - 2 scrolls of magic mapping
 G - 3 scrolls of blinking
 K - 2 scrolls of enchant armour
 L - a scroll of identify
 Q - a scroll of butterflies
Potions
 a - 8 potions of curing
 b - 3 potions of resistance
 f - 4 potions of heal wounds
 i - 4 potions of flight
 k - 9 potions of haste
 l - 7 potions of lignification
 m - 7 potions of invisibility
 n - a potion of cancellation
 u - 3 potions of might
 A - 3 potions of ambrosia
 F - 2 potions of magic
 I - a potion of mutation
 R - a potion of degeneration
Miscellaneous
 q - a box of beasts


   Skills:
 + Level 14.6 Fighting
 + Level 3.4 Long Blades
 + Level 17.0 Staves
 + Level 13.2 Dodging
 + Level 13.0 Stealth


You had 14 spell levels left.
You didn't know any spells.
Your spell library was empty.

Dungeon Overview and Level Annotations

Branches:
Dungeon (13/15)            Temple (0/1) D:6            Lair (5/5) D:9
  Swamp (0/4) Lair:3       Spider (2/4) Lair:2        Slime (0/5) Lair:5
    Orc (0/2) D:10         Vaults (0/5) D:13        Volcano (visited)

Altars:
Elyvilon
Fedhas
Gozag
Hepliaklqana
Kikubaaqudgha
Nemelex Xobeh
Qazlal
Ru
Uskayaw
Vehumet
Xom
Jiyva

Shops:
D:4 *   D:9 ([[   D:11 [*=((

Portals:
Abyss: Lair:2


Innate Abilities, Weirdness & Mutations

Your dull iron-grey scales are very hard. (AC +14)
You are amphibious.
You cannot fit into any form of body armour.
You are cold-blooded and may be slowed by cold attacks.
You have large cloven feet.
You have a pair of small horns on your head.


Message History

A redback comes into view.
The moth of wrath barely misses you.
There is a stone staircase leading up, spattered with blood here.
You can't go down here!
You feel sick. The wolf spider hits you! The wolf spider barely misses you.
The steelbarb worm misses you. The wolf spider misses you. x2
The steelbarb worm completely misses you.
You feel you are being watched by something.
You feel your power leaking away. The wolf spider hits you.
The wolf spider completely misses you.
The moth of wrath completely misses you.
The moth of wrath goads the jumping spider on!
The jumping spider goes berserk!
The steelbarb worm misses you. The wolf spider misses you.
The wolf spider barely misses you.
The barbed spikes dig painfully into your body as you move.
You climb upwards.
You feel sick.
You are no longer poisoned.
There is a stone staircase leading down here.
You barely miss the moth of wrath. Your kick misses the moth of wrath.
You tail-slap the moth of wrath.
The moth of wrath is lightly wounded.
The wolf spider misses you. The wolf spider barely misses you.
The steelbarb worm hits you!
* * * LOW HITPOINT WARNING * * *
Barbed spikes become lodged in your body.
The moth of wrath bites you!
* * * LOW HITPOINT WARNING * * *
The wolf spider misses you. The wolf spider completely misses you.
The moth of wrath bites you!
* * * LOW HITPOINT WARNING * * *
The steelbarb worm completely misses you.
The moth of wrath misses you.
You feel much better. The wolf spider misses you. The wolf spider bites you!
* * * LOW HITPOINT WARNING * * *
The wolf spider closely misses you. The wolf spider completely misses you.
The steelbarb worm completely misses you.
The moth of wrath closely misses you. The wolf spider completely misses you.
The wolf spider closely misses you. The moth of wrath barely misses you.
The steelbarb worm hits you!!
You die...

##..........^####..##.........
#.....##........#.####........
#......##.........# #........
##......##.........## #........
#.......##..........###.^#....#
#^.....###..........#..####..##
#......##.......^....### #..##
#......##.#..w.y.....# #...#
#......#)##...@y.....# ###..
##....#........s.....# ##.#.
###......##.......#.# ##..##
#....#######.....#.# ##.##..
###.## #.##.##.####.##...
###..## #######..#..##...#
##.....# #.####....#......
#......## #........#.......
#.....#.# #.#####.#........


You could see a steelbarb worm (berserk, soul bound), a wolf spider (berserk,
soul bound) and 2 moths of wrath.

Vanquished Creatures
  Frances (D:12)
  A dire elephant (Lair:5)
  A spark wasp (Spider:1)
  2 fire dragons
  A vault guard (D:13)
  Fannar (D:10)
  A rakshasa (Lair:2)
  9 hydras
  2 boulder beetles
  A catoblepas (D:13)
  Erica (D:11)
  A death knight (D:10)
  4 two-headed ogres
  4 death yaks
  4 centaur warriors
  A thrashing horror (Lair:2)
  A tengu warrior (D:11)
  2 pharaoh ants
  2 skeletal warriors (Volcano)
  4 orb spiders (Spider:1)
  3 anaconda skeletons (Volcano)
  A steelbarb worm (Spider:1)
  2 lindwurms (Lair:5)
  3 deep elf pyromancers
  9 wolf spiders
  3 wolf spider zombies (Spider:1)
  4 spectral wolf spiders (Spider:1)
  A moth of wrath (Spider:1)
  13 elephants (Lair:5)
  2 manticores
  6 ugly things
  3 cyclopes (D:12)
  5 black mambas
  3 torpor snails
  13 cane toads
  9 gargoyles
  A yaktaur (D:11)
  An unseen horror (D:7)
  11 komodo dragons
  2 kobold demonologists
  2 tengu conjurers
  A demonic crawler (Spider:1)
  3 rime drakes (Lair:5)
  2 polar bears
  8 trolls
  2 dream sheep (Lair:5)
  2 tarantellas (Spider:1)
  4 wolf spider simulacra (Spider:1)
  14 slime creatures
  10 blink frogs (Lair:5)
  12 jumping spiders
  2 vampires (D:12)
  12 culicivoras
  3 flying skulls (Volcano)
  5 shadows
  4 alligator skeletons (Volcano)
  A spriggan (Lair:2)
  7 wraiths
  6 basilisks
  Grum (D:8)
  3 steam dragons (Lair:5)
  43 yaks
  12 vampire mosquitoes
  4 wyverns
  19 redbacks
  2 acid dragons (D:10)
  7 water moccasins
  3 swamp drakes (Lair:5)
  3 black bears
  8 orc warriors
  2 sky beasts
  An ice beast (D:8)
  4 wolves
  11 centaurs
  3 kobold brigands
  12 bullfrogs
  9 scorpions
  3 gnoll sergeants
  4 necrophages
  5 wights
  17 killer bees
  A troll skeleton (Volcano)
  2 electric eels (Lair:3)
  2 howler monkeys
  Crazy Yiuf (D:5)
  A hound (D:4)
  A jelly (D:7)
  11 orc priests
  Jessica (D:2)
  5 hell rats (Lair:2)
  6 iguanas
  14 orc wizards
  3 naga skeletons (Volcano)
  6 gnolls
  9 adders
  A shadow imp (D:6)
  A worm (D:5)
  2 dart slugs
  36 orcs
  5 ball pythons
  5 bats
  6 endoplasms
  5 giant cockroaches
  A goblin (D:2)
  5 hobgoblins
  2 jackals (D:4)
  16 kobolds
  2 quokkas
  A rat (D:1)
  A butterfly (Lair:3)
567 creatures vanquished.

Vanquished Creatures (collateral kills)
  The ghost of nullcheck the Geomancer, a journeyman GrEE of Gozag (Lair:2)
  A wretched star (Lair:2)
  A swamp dragon (Lair:5)
3 creatures vanquished.

Vanquished Creatures (others)
  A spectral wolf spider (Spider:1)
  A tarantella (Spider:1)
  A steam dragon (Lair:5)
  An orc (D:10)
  59 fungi
  82 plants
145 creatures vanquished.

Grand Total: 715 creatures vanquished

Notes
Turn   | Place    | Note
-------+----------+-------------------------------------------
     0 | D:1      | Coyote68 the Draconian Berserker began the quest for the
                  | Orb.
     0 | D:1      | Reached XP level 1. HP: 19/19 MP: 1/1
     2 | D:1      | Noticed a tengu
     2 | D:1      | Noticed a demonspawn
     4 | D:1      | Noticed a ghoul
     6 | D:1      | Noticed a vine stalker
     6 | D:1      | Noticed a demigod
     8 | D:1      | Noticed an ogre
     8 | D:1      | Noticed a formicid
    10 | D:1      | Noticed a gargoyle
    10 | D:1      | Noticed a troll
    12 | D:1      | Noticed an octopode
    12 | D:1      | Noticed a human
    14 | D:1      | Noticed a draconian
    16 | D:1      | Noticed a vampire
    18 | D:1      | Noticed a felid
    18 | D:1      | Noticed a palentonga
    20 | D:1      | Noticed a meteoran
    20 | D:1      | Noticed a spriggan
    22 | D:1      | Noticed an elf
    22 | D:1      | Noticed a merfolk
    24 | D:1      | Noticed a naga
    24 | D:1      | Noticed a palentonga
    26 | D:1      | Noticed a tengu
    26 | D:1      | Noticed an octopode
   331 | D:1      | Reached XP level 2. HP: 23/26 MP: 2/2
   421 | D:1      | Gained mutation: You occasionally lose the ability to drink
                  | potions when taking damage. [potion of mutation]
   421 | D:1      | Gained mutation: You are weak. (Str -2) [potion of
                  | mutation]
   422 | D:1      | Lost mutation: You are weak. (Str -2) [potion of mutation]
   422 | D:1      | Lost mutation: You occasionally lose the ability to drink
                  | potions when taking damage. [potion of mutation]
   422 | D:1      | Gained mutation: Your body sometimes deteriorates upon
                  | taking damage. [potion of mutation]
   422 | D:1      | Gained mutation: You are occasionally teleported next to
                  | monsters. [potion of mutation]
   422 | D:1      | Lost mutation: You are occasionally teleported next to
                  | monsters. [potion of mutation]
   422 | D:1      | Gained mutation: You are agile. (Dex +4, Str/Int -1)
                  | [potion of mutation]
   835 | D:2      | Reached XP level 3. HP: 31/31 MP: 3/3
   924 | D:2      | Reached skill level 1 in Staves
   963 | D:2      | Reached ** piety under Trog
  1049 | D:2      | Noticed Jessica
  1054 | D:2      | Killed Jessica
  1182 | D:2      | You fall into a shaft and drop 2 floors!
  1222 | D:3      | Reached XP level 4. HP: 39/40 MP: 4/4
  1430 | D:2      | Found a faded altar of an unknown god.
  1569 | D:3      | Found a hazy altar of Hepliaklqana.
  1654 | D:3      | Reached skill level 2 in Staves
  1703 | D:3      | Reached XP level 5. HP: 39/46 MP: 5/5
  1740 | D:3      | Reached skill level 3 in Staves
  2360 | D:4      | Found a stormy altar of Qazlal.
  2431 | D:4      | Reached skill level 1 in Stealth
  2507 | D:4      | Found a blossoming altar of Fedhas.
  2874 | D:4      | Reached XP level 6. HP: 52/52 MP: 6/6
  2879 | D:4      | Found Jeafyong's Gadget Gallery.
  3035 | D:4      | Reached skill level 4 in Staves
  3558 | D:5      | Entered Level 5 of the Dungeon
  3720 | D:5      | Your scales start taking on a dull iron-grey colour.
  3720 | D:5      | Reached XP level 7. HP: 60/60 MP: 7/7
  3801 | D:5      | Reached skill level 5 in Staves
  4051 | D:5      | Found a runed translucent door.
  4052 | D:5      | Noticed Crazy Yiuf
  4065 | D:5      | Killed Crazy Yiuf
  4065 | D:5      | Reached *** piety under Trog
  4066 | D:5      | Reached skill level 5 in Fighting
  4207 | D:5      | Found a shimmering altar of Xom.
  4207 | D:5      | Found a white marble altar of Elyvilon.
  4222 | D:5      | Reached skill level 6 in Staves
  4338 | D:5      | Found an ancient bone altar of Kikubaaqudgha.
  4340 | D:5      | Found a hide-covered altar of Uskayaw.
  4345 | D:5      | Found an opulent altar of Gozag.
  4346 | D:5      | Found a sacrificial altar of Ru.
  4348 | D:5      | Found a sparkling altar of Nemelex Xobeh.
  4350 | D:5      | Found a radiant altar of Vehumet.
  4665 | D:6      | Reached XP level 8. HP: 68/68 MP: 8/8
  4738 | D:6      | Reached skill level 7 in Staves
  4882 | D:6      | Found a staircase to the Ecumenical Temple.
  4995 | D:6      | Reached skill level 5 in Dodging
  5536 | D:7      | Noticed a manticore
  5547 | D:7      | Killed a manticore
  5548 | D:7      | Reached skill level 8 in Staves
  5554 | D:7      | Killed an unseen horror
  5555 | D:7      | Reached XP level 9. HP: 75/75 MP: 9/9
  5558 | D:7      | Reached skill level 9 in Staves
  5564 | D:7      | Found the +2 hood of the Assassin {Detection Stab+ Stlth++}
  5586 | D:7      | Noticed a gargoyle
  5587 | D:7      | Identified the +6 glaive of the Penguin {holy, Fragile rF+
                  | rCorr Int+3}
  5588 | D:7      | Killed a gargoyle
  5740 | D:7      | Reached skill level 10 in Staves
  6958 | D:8      | Reached XP level 10. HP: 86/86 MP: 10/10
  7178 | D:8      | Identified the +4 dagger of the Final Decision {pain,
                  | Fragile Str+3}
  7242 | D:8      | Noticed Grum
  7257 | D:8      | Killed Grum
  7258 | D:8      | Reached skill level 11 in Staves
  7268 | D:8      | Reached skill level 5 in Stealth
  7677 | D:9      | Found Dusejaem's Armour Emporium.
  7680 | D:9      | Bought a +2 pair of gloves of strength for 279 gold pieces
  7726 | D:9      | Reached **** piety under Trog
  7861 | D:9      | Found Vushrime's Antique Armour Emporium.
  7923 | D:9      | Found Doramararo's Weapon Shoppe.
  8015 | D:9      | Found a staircase to the Lair.
  8191 | D:9      | Reached skill level 12 in Staves
  8202 | D:9      | Reached XP level 11. HP: 94/94 MP: 11/11
  8306 | D:9      | Found a runed translucent door.
  8353 | D:9      | Reached ***** piety under Trog
  8655 | D:9      | Found Volak's Armour Shoppe.
  8792 | D:10     | Entered Level 10 of the Dungeon
  8792 | D:10     | Noticed Fannar
  8801 | D:10     | Killed Fannar
  8944 | D:10     | Noticed a death knight
  8980 | D:10     | Killed a death knight
  9071 | D:10     | Noticed a two-headed ogre
  9086 | D:10     | Killed a two-headed ogre
  9496 | D:10     | Reached skill level 13 in Staves
  9619 | D:10     | Noticed a fire dragon
  9634 | D:10     | Killed a fire dragon
 10144 | D:10     | Received a gift from Trog
 10174 | D:10     | Identified a scroll of acquirement
 10174 | D:10     | Acquired 612 gold pieces
 10408 | D:9      | Bought the +3 quarterstaff "Xyga" {speed, Str+4} for 636
                  | gold pieces
 10563 | D:10     | Reached XP level 12. HP: 104/104 MP: 12/12
 10798 | D:10     | Lost mutation: Your body sometimes deteriorates upon taking
                  | damage. [potion of mutation]
 10798 | D:10     | Lost mutation: You are agile. (Dex +4, Str/Int -1) [potion
                  | of mutation]
 10798 | D:10     | Gained mutation: You have a pair of small horns on your
                  | head. [potion of mutation]
 10798 | D:10     | Gained mutation: You have large cloven feet. [potion of
                  | mutation]
 10870 | D:10     | Found a staircase to the Orcish Mines.
 11027 | D:11     | Found Bafuc's Antique Weapon Shoppe.
 11027 | D:11     | Found Mudu's Distillery.
 11028 | D:11     | Noticed an eight-headed hydra
 11038 | D:11     | Killed an eight-headed hydra
 11179 | D:11     | Noticed a boulder beetle
 11186 | D:11     | Killed a boulder beetle
 11281 | D:11     | Noticed a two-headed ogre
 11287 | D:11     | Killed a two-headed ogre
 11288 | D:11     | Reached skill level 14 in Staves
 11288 | D:11     | Noticed a tengu warrior
 11305 | D:11     | Killed a tengu warrior
 11453 | D:11     | Found Ehurr's Weapon Boutique.
 11458 | D:11     | Reached skill level 10 in Dodging
 11561 | D:11     | Found Qarucocu's Armour Shop.
 11570 | D:11     | Bought a +0 pair of gloves of infusion for 195 gold pieces
 11594 | D:11     | Noticed Erica
 11604 | D:11     | Killed Erica
 11604 | D:11     | Received a gift from Trog
 11769 | D:11     | Found Habust's Fire Supplies.
 11820 | D:11     | Found Catyfir's Jewellery Shop.
 11859 | D:11     | Identified the +0 ring mail "Onkixkaq" {rPois rN+}
 12053 | D:12     | Noticed a boulder beetle
 12067 | D:12     | Killed a boulder beetle
 12069 | D:12     | Reached skill level 10 in Fighting
 12274 | D:12     | Noticed a two-headed ogre
 12284 | D:12     | Killed a two-headed ogre
 12384 | D:12     | Noticed a six-headed hydra
 12386 | D:12     | Noticed a centaur warrior
 12392 | D:12     | Killed a six-headed hydra
 12418 | D:12     | Killed a centaur warrior
 12419 | D:12     | Reached XP level 13. HP: 109/114 MP: 0/13
 12570 | D:12     | Reached skill level 15 in Staves
 12760 | D:12     | Identified the +0 war axe of Destiny {vorpal, Will+ Int-4
                  | SInv}
 12998 | D:12     | Noticed Frances
 13018 | D:12     | Killed Frances
 13245 | D:12     | Found the +4 robe of Augmentation {Str+4 Int+4 Dex+4}
 14232 | D:13     | Found a gate to the Vaults.
 14993 | Lair:1   | Entered Level 1 of the Lair of Beasts
 15266 | Lair:1   | Identified the +4 plate armour of Compression {Int+4 Dex+3}
 15298 | Lair:1   | Identified the +0 pair of gloves of the Hidden Vale {rElec
                  | Dex+6}
 15443 | Lair:1   | Reached skill level 10 in Stealth
 16056 | Lair:2   | Received a gift from Trog
 16068 | Lair:2   | Found a one-way gate to the infinite horrors of the Abyss.
 16068 | Lair:2   | Noticed nullcheck's ghost (journeyman GrEE)
 16518 | Lair:2   | Found a transporter.
 16543 | Lair:2   | Found a transporter.
 16583 | Lair:2   | Killed nullcheck's ghost
 16770 | Lair:2   | Reached XP level 14. HP: 124/125 MP: 10/14
 16911 | Lair:2   | Found a hole to the Spider Nest.
 17403 | Lair:3   | Found a staircase to the Swamp.
 17550 | Lair:3   | Found a gate leading to a gauntlet.
 19039 | Lair:4   | Identified the +4 spear of Distant Shores {protect, rF- rC+
                  | Str+5}
 19066 | Lair:4   | Found a dark tunnel.
 19125 | Volcano  | Entered a volcano
 19236 | Volcano  | Reached skill level 16 in Staves
 20534 | Lair:5   | Entered Level 5 of the Lair of Beasts
 21873 | Lair:5   | Found a staircase to the Slime Pits.
 21874 | Lair:5   | Found a viscous altar of Jiyva.
 22185 | Lair:5   | Identified the +5 scale mail of Baldness {Fly rC+}
 22287 | Lair:5   | Received a gift from Trog
 22351 | Lair:5   | Reached XP level 15. HP: 136/136 MP: 12/15
 23106 | Spider:1 | Entered Level 1 of the Spider Nest
 25589 | Spider:2 | Reached skill level 17 in Staves
 25600 | Spider:1 | Mangled by a steelbarb worm

Illustrated notes

Levels and vault maps discovered:
D:1:      kb_arrival_jail, layout_rooms, minmay_distorted
D:2:      layout_rooms, hellmonk_ecumenical_altar_prayer_group,
          chequers_serial_rivers_micro_a, uniq_jessica
D:3:      layout_loops_ring, mainiacjoe_overflow_catwalk,
          hangedman_decor_points, minmay_misc_feat_chi
D:4:      layout_cave_pods, nicolae_qazlal_eye_of_the_storm,
          nicolae_overflow_hidden_temple, nicolae_shop_gadgets
D:5:      layout_cave_pools, minitemple, gammafunk_temple_overflow_statue,
          uniq_crazy_yiuf_cottage
D:6:      layout_basic, minmay_temple_entry_nine_rooms
D:7:      minmay_the_grid_octo_triangle [minmay_the_grid_octo_thin_diamonds,
          minmay_the_grid_octo_prize_single_spiral,
          minmay_the_grid_octo_clover_2], layout_layer_cave
D:8:      layout_basic, minmay_liquid_box, uniq_grum
D:9:      layout_irregular_city, due_lair_maze_entry_diamond, serial_shops,
          nicolae_stop_n_shop_2, nicolae_shop_bloodbath_and_beyond, shop,
          kennysheep_little_box, lightli_church_of_beogh
D:10:     minmay_imperfect_grid, layout_long_grid, david_orc_4, uniq_fannar
D:11:     layout_loops_ring, serial_shops, nicolae_shop_statue_plus,
          nicolae_shop_overgrown_old_shop, shop, shop_fountains,
          nicolae_shop_waterfront, minivault_20, nicolae_shop_fire_sale
          [nicolae_sub_dead_trees], eino_small_chamber_without_monster,
          uniq_erica
D:12:     kennysheep_spiral_hall, layout_cave_pods, minmay_fractal_squares_5,
          uniq_frances
D:13:     layout_gridville, david_vaults_5
Lair:1:   layout_hall_layers
Lair:2:   layout_small_grid, hellmonk_spider_entry_life_and_decay,
          gammafunk_ghost_abyssal_escape, serial_bayou_lagoon_a,
          serial_bayou_shore_a, lemuel_fruit_tree
Lair:3:   layout_gridlike, swamp_mist, gauntlet_entry_generic,
          guppyfry_lair_drakes, lemuel_fruit_fields, infiniplex_staircase_pool_2
Lair:4:   layout_regular_city, nicolae_volcano_entry_two_sided
Lair:5:   guppyfry_lair_end_dragon, layout_loops_ring, hangedman_lair_in_review,
          slime_entry_1
Spider:1: layout_chambers, nicolae_spider_undead_wolf_pack
Spider:2: layout_spider_delve, nicolae_spider_not_touching_you

Skill      XL: |  1  2  3  4  5  6  7  8  9 10 11 12 13 14 15 |
---------------+----------------------------------------------+-----
Dodging        | 3 4 5 6 7 9 10 11 12 13 | 13.2
Staves         | 1 2 3 4 6 8 10 12 13 14 15 16 17 | 17.0
Fighting       | 4 5 6 7 9 10 11 13 14 | 14.6
Stealth        | 1 2 3 4 5 7 8 10 12 13 | 13.0
Long Blades    | |  3.4

Action                   |  1- 3 |  4- 6 |  7- 9 | 10-12 | 13-15 || total
-------------------------+-------+-------+-------+-------+-------++-------
Melee: Quarterstaff      |    68 |   142 |   208 |   724 |   291 ||  1433
       Falchion          |     4 |       |       |       |       ||     4
       Tailslap          |     6 |    14 |    29 |   133 |   132 ||   314
       Kick              |       |       |       |    59 |   246 ||   305
       Headbutt          |       |       |       |    28 |   171 ||   199
       Lajatang          |       |       |       |       |   451 ||   451
Invok: Berserk           |       |     4 |     6 |    11 |    15 ||    36
       Trog's Hand       |       |       |       |       |     4 ||     4
       Brothers in Arms  |       |       |       |       |     2 ||     2
Evoke: Wand              |       |       |       |       |     1 ||     1
  Use: Scroll            |     7 |     2 |    13 |     4 |     5 ||    31
       Potion            |     2 |     1 |       |     1 |     2 ||     6
 Stab: Sleeping          |       |     1 |     6 |    27 |    62 ||    96
       Distracted        |       |       |       |       |     3 ||     3
Armor: Skin              |    36 |    37 |    72 |   262 |   182 ||   589
Dodge: Dodged            |    64 |   127 |   158 |   774 |   814 ||  1937
